 Dungeon Crawl Stone Soup version 0.32-a0-768-g0f6f1dd4b9 (webtiles) character file.

Game seed: 17416294240106279471

4211 lessens the Severer (level 10, -7/80 HPs)
             Began as a Mountain Dwarf Fighter on Mar 18, 2024.
             Was a Priest of Okawaru.
             Mangled by a two-headed ogre
             ... wielding a +0 dire flail
              (14 damage)
             ... on level 9 of the Dungeon.
             The game lasted 00:09:44 (6666 turns).

lessens the Severer (Mountain Dwarf Fighter)        Turns: 6666, Time: 00:09:44

Health: -7/80      AC: 21    Str: 23    XL:     10   Next: 8%
Magic:  8/10       EV:  8    Int:  9    God:    Okawaru [***...]
Gold:   427        SH:  0    Dex:  9    Spells: 9/9 levels left

rFire   . . .        H - +3 hand axe
rCold   . . .        M - orb {mayhem}
rNeg    . . .        P - +0 plate armour
rPois   +            o - +0 helmet
rElec   .            K - +0 cloak
rCorr   .            I - +0 pair of gloves
SInv    .            g - +0 pair of boots
Will    +....        r - amulet of regeneration Stlth
                     h - ring of poison resistance
HPRegen 1.13/turn    s - +4 ring of slaying
MPRegen 0.12/turn

%: mayhem
@: heroic
A: runic magic, artefact enchanting
a: Renounce Religion, Heroism


You were on level 9 of the Dungeon.
You worshipped Okawaru.
Okawaru was most pleased with you.
You visited 2 branches of the dungeon, and saw 10 of its levels.

You collected 490 gold pieces.
You spent 63 gold pieces at shops.

Inventory:

Hand Weapons
 a - a +0 war axe
 H - a +3 hand axe (weapon)
 N - a +4 battleaxe
Missiles
 f - 61 stones
 v - 3 boomerangs
 F - 2 curare-tipped darts
 Q - 9 poisoned darts
 R - a throwing net (quivered)
Armour
 b - a +0 scale mail
 c - a +0 buckler
 g - a +0 pair of boots (worn)
 n - a scarf of invisibility
 o - a +0 helmet (worn)
 C - a scarf of harm
 I - a +0 pair of gloves (worn)
 K - a +0 cloak (worn)
 M - an orb of mayhem (worn)
 P - a +0 plate armour (worn)
Jewellery
 h - a ring of poison resistance (left hand)
 r - an amulet of regeneration (around neck)
 s - a +4 ring of slaying (right hand)
 z - a ring of protection from fire
Wands
 L - a wand of quicksilver (7)
Scrolls
 e - 10 scrolls of identify
 m - 2 scrolls of enchant armour {unknown}
 q - 3 scrolls of immolation
 u - 3 scrolls of teleportation {unknown}
 x - 3 scrolls of poison
 y - a scroll of vulnerability {unknown}
 D - 3 scrolls of fog {unknown}
 G - a scroll of torment {unknown}
 J - a scroll of butterflies {unknown}
Potions
 d - 2 potions of might
 i - a potion of degeneration {unknown}
 j - 2 potions of mutation {unknown}
 k - 2 potions of enlightenment {unknown}
 l - 3 potions of lignification
 p - a potion of berserk rage {unknown}
 t - 3 potions of curing {unknown}
 w - 2 potions of attraction
 A - 4 potions of cancellation {unknown}
 B - a potion of heal wounds {unknown}
 E - a potion of haste {unknown}
 O - a potion of resistance {unknown}


   Skills:
 - Level 4.4(9.4) Fighting
 * Level 15.6(20.6) Axes
 - Level 6.5(11.5) Armour
 + Level 1.3(6.3) Dodging
 - Level 3.2(8.2) Shields


You had 9 spell levels left.
You didn't know any spells.
Your spell library contained the following spells:

 Spells                   Type           Power      Damage    Failure   Level
 Lesser Beckoning         Tloc           0%         N/A       73%         2
 Gell's Gravitas          Tloc           0%         N/A       91%         3
 Teleport Other           Tloc           0%         N/A       91%         3
 Summon Small Mammal      Summ           Unusable   N/A       N/A         1
 Call Canine Familiar     Summ           Unusable   N/A       N/A         3
 Summon Blazeheart Golem  Fire/Summ      Unusable   N/A       N/A         4

Dungeon Overview and Level Annotations

Branches:
Dungeon (9/15) Zot: 26729  Temple (1/1) D:6 Zot: 5972
   Lair: D:8-11         Orc: D:9-12

Altars:
Ashenzari
Cheibriados
Dithmenos
Elyvilon
Fedhas
Gozag
Hepliaklqana
Kikubaaqudgha
Makhleb
Nemelex Xobeh
Okawaru
Qazlal
Ru
Sif Muna
Trog
Uskayaw
Vehumet
Wu Jian
Yredelemnul
Zin
The Shining One

Shops:
D:7 [

Annotations:
D:8 3 runed translucent doors, Lysca's ghost, novice CoHu


Innate Abilities, Weirdness & Mutations

Your spellcasting is much less encumbered by armour.
You can use scrolls of enchantment on lesser artefacts.


Message History

You slash the wight!
The wight is almost destroyed.
You closely miss the wight. The wight hits you but does no damage.
The wight hits you with a +2 great sword!
You barely miss the wight.
The wight is almost destroyed.
You barely miss the wight.
You gain the combat prowess of a mighty hero.
The wight hits you but does no damage. The wight barely misses you.
You completely miss the wight. You hit the wight but do no damage.
The wight hits you with a +0 halberd. The wight hits you but does no damage.
You hit the wight.
The wight is moderately damaged.
You slash the wight!
You destroy the wight!
Okawaru accepts your kill.
The two-headed ogre flies into a frenzy!
The two-headed ogre hits the wight with a +0 dire flail!!
The wight is destroyed!
Okawaru accepts your kill.
The two-headed ogre hits the wight with a +0 dire flail!
The two-headed ogre hits the wight with a +0 giant club!!
The wight is destroyed!
Okawaru accepts your kill.
The two-headed ogre hits you with a +0 dire flail!
The two-headed ogre hits you with a +0 giant club!
You slash the two-headed ogre!
The two-headed ogre is moderately wounded.
You slash the two-headed ogre!
The two-headed ogre is heavily wounded.
The two-headed ogre hits you with a +0 dire flail.
The two-headed ogre hits you with a +0 giant club!!
You hit the two-headed ogre but do no damage.
The two-headed ogre is heavily wounded.
You hit the two-headed ogre.
The two-headed ogre is heavily wounded.
The two-headed ogre hits you with a +0 dire flail!!
* * * LOW HITPOINT WARNING * * *
The two-headed ogre hits you with a +0 giant club!
You die...

##.#### ######
#......# #....#
##.....)# #....#
......<.# #....#
#.?....###....#
#......'......#
+#.....)##.....#
......O)..#....#
..##..@..#.####
#.....#.#
#....$#.#
#.....#.####
#######....#
######'##
#.......##
#........#
#....)...###


You could see a neutral two-headed ogre (fast, strong, frenzied).

Vanquished Creatures
  Maurice (D:7)
  A cyclops (D:9)
  Jeremiah (D:7)
  A troll (D:9)
  A steam dragon (D:7)
  A black bear (D:4)
  A centaur (D:7)
  2 ogres
  A phantom (D:4)
  2 kobold brigands
  2 bullfrogs
  6 scorpions
  11 wights
  2 killer bees (D:9)
  3 howler monkeys
  3 hounds
  2 orc priests (D:7)
  A bombardier beetle (D:7)
  2 gnoll boudas
  A jelly (D:5)
  3 iguanas
  3 sleepcaps
  4 orc wizards
  18 gnolls
  7 adders
  2 shadow imps
  2 white imps
  4 ufetubi (D:6)
  8 dart slugs
  3 ribbon worms
  20 orcs
  8 ball pythons
  4 endoplasms
  2 giant cockroaches
  5 hobgoblins
  2 jackals (D:5)
  3 quokkas
  7 bats
  2 frilled lizards
  8 goblins
  12 kobolds
  5 rats
177 creatures vanquished.

Vanquished Creatures (collateral kills)
  2 wights (D:9)
  2 killer bees (D:9)
4 creatures vanquished.

Vanquished Creatures (others)
  A kobold (D:7)
1 creature vanquished.

Grand Total: 182 creatures vanquished

Notes
Turn   | Place    | Note
-------+----------+-------------------------------------------
     0 | D:1      | lessens the Mountain Dwarf Fighter began the quest for the
                  | Orb.
     0 | D:1      | Reached XP level 1. HP: 19/19 MP: 1/1
    97 | D:1      | Reached skill level 3 in Axes
   152 | D:1      | Reached XP level 2. HP: 26/26 MP: 2/2
   327 | D:1      | Reached skill level 4 in Axes
   400 | D:1      | Reached XP level 3. HP: 31/31 MP: 3/3
   674 | D:2      | Reached skill level 5 in Axes
  1001 | D:2      | Reached XP level 4. HP: 38/38 MP: 4/4
  1660 | D:3      | Reached skill level 6 in Axes
  1799 | D:3      | Found a faded altar of an unknown god.
  2373 | D:4      | Noticed a phantom
  2379 | D:4      | Killed a phantom
  2380 | D:4      | Reached skill level 7 in Axes
  2380 | D:4      | Reached XP level 5. HP: 45/45 MP: 5/5
  2526 | D:4      | Reached skill level 8 in Axes
  2526 | D:4      | Reached XP level 6. HP: 51/51 MP: 6/6
  2589 | D:4      | Identified the +2 ring mail of Unambiguity {Rampage rPois
                  | rN++ Will-}
  2761 | D:4      | Reached skill level 9 in Axes
  2867 | D:4      | Reached XP level 7. HP: 44/57 MP: 7/7
  2957 | D:5      | Entered Level 5 of the Dungeon
  2957 | D:5      | Found a stormy altar of Qazlal.
  3151 | D:5      | Found a broken altar of Ashenzari.
  3171 | D:5      | Reached skill level 10 in Axes
  3635 | D:5      | Reached skill level 11 in Axes
  3752 | D:5      | Reached XP level 8. HP: 34/63 MP: 8/8
  4001 | D:6      | Found a staircase to the Ecumenical Temple.
  4026 | D:6      | Reached skill level 12 in Axes
  4035 | Temple   | Entered the Ecumenical Temple
  4049 | Temple   | Became a worshipper of Warmaster Okawaru
  4090 | D:6      | Found a snail-covered altar of Cheibriados.
  4362 | D:6      | Found a bloodstained altar of Trog.
  4651 | D:7      | Reached skill level 13 in Axes
  4684 | D:7      | Found Guneu's Armour Shop.
  4688 | D:7      | Bought a +0 pair of gloves for 63 gold pieces
  4777 | D:7      | Reached * piety under Okawaru
  4820 | D:7      | Found a blossoming altar of Fedhas.
  4886 | D:7      | Reached skill level 5 in Armour
  4955 | D:7      | Reached XP level 9. HP: 70/70 MP: 9/9
  5033 | D:7      | Noticed Maurice
  5045 | D:7      | Something stole a +0 war axe
  5054 | D:7      | Something stole 298 gold
  5058 | D:7      | Something stole 78 gold
  5084 | D:7      | Killed Maurice
  5267 | D:7      | Noticed Jeremiah
  5274 | D:7      | Killed Jeremiah
  5275 | D:7      | Reached skill level 14 in Axes
  5514 | D:8      | Reached ** piety under Okawaru
  5824 | D:8      | Found a hazy altar of Hepliaklqana.
  6159 | D:8      | Found a runed translucent gate.
  6159 | D:8      | Found a runed translucent gate.
  6160 | D:8      | Found a runed translucent gate.
  6160 | D:8      | Noticed Lysca's ghost (novice CoHu)
  6186 | D:8      | Reached skill level 15 in Axes
  6387 | D:9      | Noticed a troll
  6393 | D:9      | Killed a troll
  6463 | D:9      | Noticed a cyclops
  6580 | D:9      | Killed a cyclops
  6580 | D:9      | Reached *** piety under Okawaru
  6581 | D:9      | Reached skill level 1 in Dodging
  6581 | D:9      | Reached XP level 10. HP: 51/80 MP: 10/10
  6654 | D:9      | Noticed a two-headed ogre
  6666 | D:9      | Mangled by a two-headed ogre

Illustrated notes

Levels and vault maps discovered:
D:1:      lightli_arrival_quake, layout_basic
D:2:      layout_basic, corner_web_ring
D:3:      layout_loops_ring, serial_bayou, serial_bayou_shore_a,
          serial_bayou_lagoon_b, serial_bayou_shore_b, serial_bayou_shore_b,
          serial_bayou_pond_a, serial_bayou_pond_b, basic_ecumenical_altar
D:4:      layout_loops_cross, minmay_misc_feat_pillars
D:5:      layout_loops_corners, nicolae_qazlal_scattered_showers,
          nicolae_overflow_hidden_temple, grunt_ministairs_15
D:6:      layout_rooms, mainiacjoe_overflow_alcove_1,
          mainiacjoe_overflow_concentric_impassable,
          minmay_temple_entry_mini_moons
D:7:      layout_loops_cross, fedhas_altar_1, serial_shops, shop,
          minmay_misc_feat_hallway, kennysheep_generic_room_10, uniq_jeremiah,
          uniq_maurice
D:8:      layout_loops_corners, mainiacjoe_overflow_tiny_flanked,
          ebering_ghost_rock_garden
D:9:      layout_basic, hellmonk_lair_entry_icy, hex_tiny
Temple:   regret_index_temple_waves

Skill      XL: |  1  2  3  4  5  6  7  8  9 |
---------------+----------------------------+-----
Axes           | 3 4 5 7 8 9 11 13 15 | 15.6
Armour         | 5 6 |  6.5
Fighting       | 4 |  4.4
Dodging        | 1 |  1.3
Shields        | |  3.2

Action                     |  1- 3 |  4- 6 |  7- 9 | 10-12 || total
---------------------------+-------+-------+-------+-------++-------
  Melee: War axe           |    93 |   151 |   137 |       ||   381
         Hand axe          |       |       |   155 |     9 ||   164
  Throw: Throwing net      |       |       |     4 |       ||     4
 Invoke: Heroism           |       |       |       |     1 ||     1
    Use: Potion            |       |     2 |       |       ||     2
         Scroll            |       |       |     2 |       ||     2
 Armour: Scale mail        |    72 |   129 |   190 |       ||   391
         Skin              |       |    18 |       |       ||    18
         Plate armour      |       |       |    27 |    14 ||    41
  Dodge: Dodged            |    36 |    64 |    87 |     2 ||   189
  Block: Buckler           |    16 |    37 |    26 |       ||    79

Table legend: (Time is in decaauts)
 A = Elapsed time spent in this place.
 B = Non-inter-level travel time spent in this place.
 C = Inter-level travel time spent in this place.
 D = Time resting spent in this place.
 E = Time spent auto-exploring this place.
 F = Levels seen in this place.
 G = Mean time per level.
                   A        B        C        D        E       F      G
               +--------+--------+--------+--------+--------+-----+--------+
         Total |   6690 |   6294 |    396 |     97 |   4910 |  10 |  669.0 |
       Dungeon |   6663 |   6280 |    383 |     97 |   4910 |   9 |  740.3 |
        Temple |     27 |     14 |     13 |      0 |      0 |   1 |   27.0 |
               +--------+--------+--------+--------+--------+-----+--------+

Top non-repeatable levels by time:
     D:5: 1046 daAuts
     D:8: 1000 daAuts
     D:3: 892 daAuts
     D:7: 874 daAuts
     D:2: 816 daAuts
     D:4: 756 daAuts
     D:1: 580 daAuts
     D:6: 490 daAuts
     D:9: 206 daAuts
  Temple: 27 daAuts

Levels and vault maps discovered:
D:1:      lightli_arrival_quake, layout_basic
D:2:      layout_basic, corner_web_ring
D:3:      layout_loops_ring, serial_bayou, serial_bayou_shore_a,
          serial_bayou_lagoon_b, serial_bayou_shore_b, serial_bayou_shore_b,
          serial_bayou_pond_a, serial_bayou_pond_b, basic_ecumenical_altar
D:4:      layout_loops_cross, minmay_misc_feat_pillars
D:5:      layout_loops_corners, nicolae_qazlal_scattered_showers,
          nicolae_overflow_hidden_temple, grunt_ministairs_15
D:6:      layout_rooms, mainiacjoe_overflow_alcove_1,
          mainiacjoe_overflow_concentric_impassable,
          minmay_temple_entry_mini_moons
D:7:      layout_loops_cross, fedhas_altar_1, serial_shops, shop,
          minmay_misc_feat_hallway, kennysheep_generic_room_10, uniq_jeremiah,
          uniq_maurice
D:8:      layout_loops_corners, mainiacjoe_overflow_tiny_flanked,
          ebering_ghost_rock_garden
D:9:      layout_basic, hellmonk_lair_entry_icy, hex_tiny
Temple:   regret_index_temple_waves
